 Dungeon Crawl Stone Soup version 0.31-a0-1074-g0b22e4e0f1 (webtiles) character file.

Game seed: 1756378653502114700

945 croobank the Ruffian (level 7, -11/57 HPs)
             Began as a Yellow Draconian Shapeshifter on Dec 3, 2023.
             Was an Initiate of Hepliaklqana.
             Killed by divine providence
             ... invoked by an orc priest
              (17 damage)
             ... on level 6 of the Dungeon.
             The game lasted 00:10:49 (4650 turns).

croobank the Ruffian (DrSh)                         Turns: 4650, Time: 00:10:50

Health: -11/57     AC:  9    Str: 16    XL:     7   Next: 89%
Magic:  11/12      EV: 12    Int: 13    God:    Hepliaklqana [......]
Gold:   190        SH:  0    Dex: 10    Spells: 10/12 levels left

rFire   . . .        v - +0 hand axe (venom)
rCold   . . .        (no shield)
rNeg    . . .        (body armour unavailable)
rPois   .            n - +1 hat
rElec   .            (no cloak)
rCorr   +            (no gloves)
SInv    .            f - +1 pair of boots
Will    +....        (no amulet)
Stlth   +            y - ring of willpower
HPRegen 0.29/turn    (no ring)
MPRegen 0.13/turn

%: no passive effects
@: short of breath, hasted, very quick
A: spit acid, AC +6, unfitting armour, cold-blooded, acid resistance
a: Breathe Acid, Renounce Religion


You were on level 6 of the Dungeon.
You worshipped Hepliaklqana.
Hepliaklqana was noncommittal.
You visited 2 branches of the dungeon, and saw 7 of its levels.

You collected 190 gold pieces.

Inventory:

Hand Weapons
 t - a +0 war axe
 v - a +0 hand axe of venom (weapon)
 A - a +0 dagger of flaming
Armour
 f - a +1 pair of boots (worn)
 n - a +1 hat (worn)
Magical Staves
 p - a staff of earth
Jewellery
 y - a ring of willpower (left hand)
Talismans
 b - a beast talisman
 c - a flux talisman
 h - a serpent talisman
Wands
 w - a wand of quicksilver (10)
Scrolls
 k - 3 scrolls of teleportation
 m - a scroll of fear {unknown}
 r - 2 scrolls of revelation {unknown}
 s - 2 scrolls of poison {unknown}
 u - a scroll of enchant armour {unknown}
 x - a scroll of amnesia {unknown}
Potions
 a - a potion of lignification
 d - 2 potions of curing
 g - a potion of brilliance {unknown}
 i - a potion of enlightenment
 j - a potion of mutation
 o - 2 potions of invisibility
 q - 2 potions of attraction
 z - 2 potions of ambrosia {unknown}
 B - a potion of degeneration {unknown}
 C - 2 potions of cancellation {unknown}
 D - a potion of experience {unknown}


   Skills:
 + Level 3.6 Fighting
 + Level 3.4 Dodging
 + Level 4.4 Unarmed Combat
 * Level 3.4 Spellcasting
 * Level 3.5 Hexes
 * Level 1.8 Invocations
 + Level 4.2 Shapeshifting


You had 10 spell levels left.
You knew the following spells:

 Your Spells              Type           Power      Damage    Failure   Level
a - Jinxbite              Hex            22%        N/A       8%          2

Your spell library contained the following spells:

 Spells                   Type           Power      Damage    Failure   Level
 Ensorcelled Hibernation  Hex/Ice        12%        N/A       16%         2
 Sigil of Binding         Hex            11%        N/A       16%         3
 Tukima's Dance           Hex            11%        N/A       16%         3
 Call Canine Familiar     Summ           2%         N/A       54%         3
 Ozocubu's Armour         Ice            2%         N/A       54%         3
 Anguish                  Hex/Necr       3%         N/A       71%         4
 Dimensional Bullseye     Hex/Tloc       3%         N/A       71%         4
 Leda's Liquefaction      Hex/Erth       3%         N/A       71%         4
 Iskenderun's Mystic Bla  Conj/Tloc      2%         2d3       91%         4
 Metabolic Englaciation   Hex/Ice        3%         N/A       96%         5
 Simulacrum               Ice/Necr       1%         N/A       100%        6


Dungeon Overview and Level Annotations

Branches:
Dungeon (6/15)             Temple (1/1) D:6

Altars:
Ashenzari
Elyvilon
Fedhas
Hepliaklqana
Kikubaaqudgha
Nemelex Xobeh
Ru
Sif Muna
Trog
Uskayaw
Vehumet
Wu Jian
Xom
Zin

Shops:
D:3 (

Annotations:
D:2 Sigmund


Innate Abilities, Weirdness & Mutations

You can spit globs of acid.
Your golden yellow scales are hard. (AC +6)
You cannot fit into any form of body armour.
You are cold-blooded and may be slowed by cold attacks.
You are resistant to acid. (rCorr)


Message History

The orc priest looks satisfied for a moment.
You hit the orc warrior but do no damage.
The orc warrior looks as sick as possible!
The orc warrior is moderately wounded.
You closely miss the scorpion.
The scorpion stings you but does no damage.
The orc priest calls down the wrath of Beogh upon you.
Beogh smites you! The scorpion attacks as it pursues you!
The scorpion stings you but does no damage.
The orc warrior closely misses you.
The orc priest miscasts a cantrip.
The scorpion stings you but does no damage.
There is an open door here.
The orc warrior attacks as it pursues you!
The orc warrior hits you with a +0 battleaxe.
You hit the orc warrior.
The orc warrior looks as sick as possible!
The orc warrior is almost dead.
The orc warrior hits you with a +0 battleaxe!
* * * LOW HITPOINT WARNING * * *
You kill the orc warrior!
You feel yourself speed up. The orc barely misses you.
The orc priest calls down the wrath of Beogh upon you.
Pain shoots through your body!
* * * LOW HITPOINT WARNING * * *
The orc misses you.
You have got your breath back.
The gnoll is no longer moving quickly.
Press: ? - help, Shift-Dir - straight line, f - scorpion
Aim: a scorpion (64% to hit)
You spit a glob of acid.
The glob of acid hits the orc!
The acid corrodes the orc!
The acid splashes onto the scorpion!
The scorpion is splashed with acid.
The acid corrodes the scorpion!
You kill the orc!
The orc priest invokes the aid of Beogh against you.
You resist with some effort.
The orc priest invokes the aid of Beogh against you.
Beogh smites you!
You die...

..............####.#.#........#..
.......#......................###
##.#.#.........#...#.#.######.###
.........#.................
......#..<...#.#.##########
......#..#..##.#...........
......#.......##...........
..............'......#.....
#...####...@...##.....#..... .
...####..s....##...#.#.#...
o##.............##....###.... .
......o..g#.####..#...#...#.
#.##..##....#.#......#.....#..
......##....#.#...#####.>.####
#..).##)##.#......#.....#..
.##.#)....##.#.....#...#...#.
.....'.................###....


You could see a scorpion (corroded), an orc priest and a gnoll.

Vanquished Creatures
  A black bear (D:5)
  An orc warrior (D:6)
  An ice beast (D:6)
  3 scorpions
  A hound (D:5)
  2 orc priests (D:6)
  A gnoll bouda (D:6)
  2 jellies
  Jessica (D:3)
  An iguana (D:6)
  4 orc wizards
  5 adders
  2 gnolls (D:6)
  A worm (D:4)
  3 dart slugs
  15 orcs
  6 ball pythons
  3 bats
  8 endoplasms
  8 giant cockroaches
  9 goblins
  5 hobgoblins
  3 jackals (D:3)
  6 quokkas
  2 frilled lizards
  3 kobolds
  5 rats
102 creatures vanquished.

Notes
Turn   | Place    | Note
-------+----------+-------------------------------------------
     0 | D:1      | croobank the Draconian Shapeshifter began the quest for the
                  | Orb.
     0 | D:1      | Reached XP level 1. HP: 16/16 MP: 1/1
   186 | D:1      | Reached XP level 2. HP: 23/23 MP: 2/2
   842 | D:2      | Reached XP level 3. HP: 29/29 MP: 3/3
  1034 | D:2      | Found a shimmering altar of Xom.
  1261 | D:2      | Noticed Sigmund
  1496 | D:3      | Found a sparkling altar of Nemelex Xobeh.
  1533 | D:3      | Reached XP level 4. HP: 22/34 MP: 4/4
  1691 | D:3      | Found a radiant altar of Vehumet.
  1707 | D:3      | Found Xuetik's Antique Weapon Boutique.
  1715 | D:3      | Reached skill level 1 in Hexes
  1951 | D:3      | Noticed Jessica
  1967 | D:3      | Killed Jessica
  1968 | D:3      | Reached skill level 1 in Spellcasting
  2251 | D:4      | Found a bloodstained altar of Trog.
  2560 | D:4      | Reached XP level 5. HP: 36/41 MP: 6/6
  2859 | D:5      | Entered Level 5 of the Dungeon
  3397 | D:5      | Reached XP level 6. HP: 50/50 MP: 9/9
  3508 | D:5      | Found a blossoming altar of Fedhas.
  3964 | D:6      | Your scales start taking on a golden yellow colour.
  3964 | D:6      | Reached XP level 7. HP: 56/57 MP: 9/11
  3964 | D:6      | Gained mutation: You are resistant to acid. (rCorr) [Yellow
                  | Draconian growth]
  4163 | D:6      | Found a staircase to the Ecumenical Temple.
  4169 | Temple   | Entered the Ecumenical Temple
  4211 | Temple   | Became a worshipper of Hepliaklqana the Forgotten
  4215 | Temple   | Learned a level 2 spell: Jinxbite
  4387 | D:6      | Reached skill level 1 in Invocations
  4650 | D:6      | Killed from afar by an orc priest

Illustrated notes

Levels and vault maps discovered:
D:1:      scummos_arrival_gate, layout_loops_ring
D:2:      layout_basic, basic_altar, serial_bayou_lagoon_a,
          kennysheep_generic_room_9, uniq_sigmund
D:3:      layout_loops_ring, nemelex_spade_bored_becter,
          mainiacjoe_overflow_catwalk, serial_shops, shop, uniq_jessica
D:4:      layout_basic, mainiacjoe_overflow_alcove_2
D:5:      layout_cave_pools, overflow_temple_1_default, serial_column_ruins,
          column_ruins_hut, column_ruins_courtyard_long, column_ruins_open_tiny,
          column_ruins_columns_plus, column_ruins_open_medium,
          column_ruins_open_large
D:6:      layout_basic, grunt_gozag_statues, minmay_temple_entry_arrows,
          serial_curves, eino_curves_03, eino_curves_03
Temple:   jpeg_temple_alley_garden

Skill      XL: |  1  2  3  4  5  6  7 |
---------------+----------------------+-----
Dodging        | 2 3 |  3.4
Fighting       | 2 3 |  3.6
Hexes          | 1 2 3 |  3.5
Spellcasting   | 1 2 3 |  3.4
Unarmed Combat | 4 |  4.4
Shapeshifting  | 4 |  4.2
Invocations    | 1 |  1.8

Action                     |  1- 3 |  4- 6 |  7- 9 || total
---------------------------+-------+-------+-------++-------
  Melee: Unarmed           |   110 |    48 |       ||   158
         Tailslap          |     9 |    11 |     8 ||    28
         Punch             |     2 |     2 |     1 ||     5
         Hand axe          |       |    75 |    39 ||   114
   Cast: Jinxbite          |       |       |     2 ||     2
Ability: Breathe Acid      |       |       |     3 ||     3
  Evoke: Wand              |       |     1 |       ||     1
    Use: Scroll            |     4 |     4 |     2 ||    10
         Potion            |       |       |     1 ||     1
   Stab: Sleeping          |     1 |     1 |       ||     2
 Armour: Skin              |    45 |    75 |    32 ||   152
  Dodge: Dodged            |    67 |    84 |    26 ||   177
   Form: Beast             |       |     2 |       ||     2
                           |       |     1 |     1 ||     2

Table legend: (Time is in decaauts)
 A = Elapsed time spent in this place.
 B = Non-inter-level travel time spent in this place.
 C = Inter-level travel time spent in this place.
 D = Time resting spent in this place.
 E = Time spent auto-exploring this place.
 F = Levels seen in this place.
 G = Mean time per level.
                   A        B        C        D        E       F      G
               +--------+--------+--------+--------+--------+-----+--------+
         Total |   4675 |   4403 |    272 |    666 |   2928 |   7 |  667.9 |
       Dungeon |   4588 |   4398 |    190 |    666 |   2928 |   6 |  764.7 |
        Temple |     86 |      4 |     82 |      0 |      0 |   1 |   86.0 |
               +--------+--------+--------+--------+--------+-----+--------+

Top non-repeatable levels by time:
     D:5: 1041 daAuts
     D:3: 900 daAuts
     D:1: 696 daAuts
     D:6: 693 daAuts
     D:4: 678 daAuts
     D:2: 578 daAuts
  Temple: 86 daAuts
